 Dungeon Crawl Stone Soup version 0.29.1-1-gd02db69 (webtiles) character file.

Game seed: 1960114411977666087

774 Kel the Trooper (level 7, -9/45 HPs)
             Began as a Gargoyle Fighter on Mar 21, 2023.
             Mangled by Duvessa
             ... wielding a +3 rapier of protection
              (12 damage)
             ... on level 6 of the Dungeon.
             The game lasted 00:07:48 (5351 turns).

Kel the Trooper (Gargoyle Fighter)                  Turns: 5351, Time: 00:07:48

Health: -9/45      AC: 12    Str: 21    XL:     7   Next: 84%
Magic:  7/7        EV:  9    Int:  9    God:
Gold:   281        SH:  5    Dex: 15    Spells: 6/6 levels left

rFire   + . .      SeeInvis .   a - +0 flail
rCold   . . .      Faith    .   c - +0 buckler
rNeg    + . .      Spirit   .   b - +0 scale mail
rPois   ∞          Reflect  .   (no helmet)
rElec   +          Harm     .   (no cloak)
rCorr   .          Rampage  .   (no gloves)
Will    .....                   (no boots)
Stlth   ..........              y - amulet of the acrobat
HPRegen 0.15/turn               r - +6 ring of dexterity
MPRegen 0.10/turn               w - ring of protection from fire

@: no status effects
A: sickness immunity, AC +4, negative energy resistance 1, electricity
resistance, torment resistance 1, petrification resistance
a: no special abilities


You were on level 6 of the Dungeon.
You visited 1 branch of the dungeon, and saw 6 of its levels.

You collected 281 gold pieces.

Inventory:

Hand Weapons
 a - a +0 flail (weapon)
Armour
 b - a +0 scale mail (worn)
 c - a +0 buckler (worn)
Jewellery
 i - an amulet of magic regeneration
 l - an amulet of faith
 r - a +6 ring of dexterity (left hand)
 w - a ring of protection from fire (right hand)
 y - an amulet of the acrobat (around neck)
Scrolls
 d - a scroll of silence {unknown}
 e - a scroll of noise {unknown}
 g - 2 scrolls of poison {unknown}
 m - 2 scrolls of fog {unknown}
 p - 3 scrolls of teleportation {unknown}
 s - a scroll of fear {unknown}
 t - a scroll of torment {unknown}
 u - a scroll of brand weapon {unknown}
 v - a scroll of enchant armour {unknown}
Potions
 f - 3 potions of curing
 h - 3 potions of haste
 j - a potion of brilliance
 k - a potion of magic
 o - 2 potions of flight
 q - 2 potions of heal wounds
 x - a potion of resistance


   Skills:
 * Level 5.9 Fighting
 + Level 3.7 Maces & Flails
 * Level 5.8 Armour
 * Level 5.9 Shields


You had 6 spell levels left.
You didn't know any spells.
Your spell library contained the following spells:

 Spells                   Type           Power      Damage    Failure   Level
 Slow                     Hex            0%         N/A       78%         1
 Sting                    Tmut/Pois      0%         1d3       78%         1
 Poisonous Vapours        Pois/Air       0%         N/A       89%         2
 Confusing Touch          Hex            0%         N/A       98%         3
 Conjure Flame            Conj/Fire      0%         6-21      98%         3
 Ignite Poison            Fire/Tmut/Pois 0%         N/A       98%         3
 Vampiric Draining        Necr           0%         2d6       98%         3
 Olgreb's Toxic Radiance  Pois           0%         N/A       100%        4
 Sticky Flame             Conj/Fire      0%         2d3       100%        4


Dungeon Overview and Level Annotations

Branches:
Dungeon (6/15)
 Temple: D:4-7

Altars:
Xom

Annotations:
D:6 Duvessa


Innate Abilities, Weirdness & Mutations

You are immune to sickness and miasma.
Your stone body is resilient. (AC +4)
You are immune to poison.
You resist negative energy. (rN+)
You are resistant to electric shocks. (rElec)
You are resistant to unholy torment.
You are immune to petrification.


Message History

Dowan barely misses you.
You sock Dowan!
Dowan is severely wounded.
Dowan casts a spell at you. The puff of frost hits you.
Dowan hits you but does no damage.
You sock Dowan!
You kill Dowan!
You hear a distant scream of rage.
Things that are here:
a +0 dagger; a +0 robe You start resting.
Duvessa is nearby!
Duvessa shouts!
Duvessa goes berserk!
Duvessa rages.
Duvessa completely misses you.
You hit Duvessa.
Duvessa is lightly wounded.
Duvessa hits you with a +3 rapier of protection!
An ice beast comes into view.
Duvessa closely misses you.
You hit Duvessa but do no damage.
Duvessa is lightly wounded.
You block Duvessa's attack.
You hit Duvessa but do no damage.
Duvessa is lightly wounded.
Duvessa hits you with a +3 rapier of protection! x2
* * * LOW HITPOINT WARNING * * *
You barely miss Duvessa.
Duvessa is lightly wounded.
You block Duvessa's attack. Duvessa barely misses you.
You barely miss Duvessa.
Duvessa is lightly wounded.
Duvessa barely misses you.
Duvessa hits you with a +3 rapier of protection!
* * * LOW HITPOINT WARNING * * *
You hit Duvessa but do no damage.
Duvessa is lightly wounded.
Duvessa hits you with a +3 rapier of protection!
You die...

.. #. ....
#.##.###..#####
##...).........
.............#
...........#
#......)..#
#..$.....###
###..##Y...#
#....e@..#..#
.......##<#.##.#
...##[# #....#.#
.. #<#
####...... e #)#
#...#. ... .#.#
..... .#...
....... ##
.$......#


You could see Duvessa (berserk) and an ice beast.

Vanquished Creatures
  A phantom (D:5)
  3 scorpions
  Dowan (D:6)
  A jelly (D:6)
  3 orc priests (D:5)
  A hound (D:6)
  An iguana (D:6)
  An orc wizard (D:5)
  9 adders
  10 gnolls
  A shadow imp (D:5)
  An ufetubus (D:5)
  A worm (D:3)
  2 dart slugs
  16 orcs
  5 ball pythons
  4 endoplasms
  2 giant cockroaches (D:2)
  8 goblins
  10 hobgoblins
  2 jackals (D:4)
  4 quokkas
  3 bats
  2 frilled lizards
  2 kobolds
  3 rats
97 creatures vanquished.

Notes
Turn   | Place    | Note
-------+----------+-------------------------------------------
     0 | D:1      | Kel the Gargoyle Fighter began the quest for the Orb.
     0 | D:1      | Reached XP level 1. HP: 14/14 MP: 1/1
    50 | D:1      | Found a faded altar of an unknown god.
   258 | D:1      | Reached XP level 2. HP: 16/19 MP: 2/2
  1065 | D:2      | Reached XP level 3. HP: 20/24 MP: 3/3
  1639 | D:3      | Reached XP level 4. HP: 29/29 MP: 4/4
  1791 | D:3      | Noticed a scorpion
  1797 | D:3      | Killed a scorpion
  1798 | D:3      | Reached XP level 5. HP: 33/33 MP: 5/5
  3000 | D:4      | Reached XP level 6. HP: 16/39 MP: 6/6
  3383 | D:4      | Found a shimmering altar of Xom.
  3405 | D:4      | Reached skill level 5 in Shields
  3792 | D:4      | Reached skill level 5 in Fighting
  3989 | D:5      | Entered Level 5 of the Dungeon
  4005 | D:5      | Reached skill level 5 in Armour
  4215 | D:5      | Reached XP level 7. HP: 7/44 MP: 7/7
  5311 | D:6      | Noticed Dowan
  5312 | D:6      | Noticed Duvessa
  5329 | D:6      | Killed Dowan
  5350 | D:6      | HP: 2/45 [Duvessa/+3 rapier of protection (8)]
  5351 | D:6      | Mangled by Duvessa

Illustrated notes

Levels and vault maps discovered:
D:1:      lemuel_arrival_funnel, layout_loops_ring,
          shapermc_ecumenical_altar_gd, minmay_misc_feat_five,
          minmay_misc_feat_enclosed
D:2:      layout_loops_ring, nicolae_figureground_sparkle
D:3:      minmay_angry_zag, layout_loops_corners, nicolae_overflow_hidden_temple
D:4:      layout_basic, mainiacjoe_overflow_alcove_4, hangedman_decor_push,
          nrook_mini_backslash, reono_crystal_passage
D:5:      layout_loops_ring, serial_glass, glass_columns_a, glass_columns_a,
          glass_columns_a, glass_columns_a, glass_columns_a, glass_columns_a,
          glass_columns_a, glass_columns_a, glass_columns_b, glass_columns_a
D:6:      layout_rooms, nemelex_spade_bored_becter,
          minmay_temple_entry_large_hall, uniq_duvessa

Skill      XL: |  1  2  3  4  5  6 |
---------------+-------------------+-----
Shields        | 4 5 |  5.9
Fighting       | 4 5 |  5.9
Armour         | 4 5 |  5.8
Maces & Flails | 3 |  3.7

Action                   |  1- 3 |  4- 6 |  7- 9 || total
-------------------------+-------+-------+-------++-------
Melee: Flail             |   103 |   198 |    96 ||   397
  Use: Potion            |       |     2 |       ||     2
       Scroll            |       |     8 |       ||     8
Armor: Scale mail        |    75 |    89 |    45 ||   209
Dodge: Dodged            |    49 |   114 |    42 ||   205
Block: Buckler           |    23 |    58 |    32 ||   113
